 Dungeon Crawl Stone Soup version 0.21.1-1-g345015fe64 (webtiles) character file.

317 Norrik the Fighter (level 6, -4/62 HPs)
             Began as a Minotaur Monk on Mar 21, 2018.
             Killed by divine providence
             ... invoked by an orc priest
              (11 damage)
             ... on level 3 of the Dungeon.
             The game lasted 00:06:49 (2298 turns).

Norrik the Fighter (Minotaur Monk)                  Turns: 2298, Time: 00:06:50

Health: -4/62      AC:  6    Str: 16    XL:     6   Next: 20%
Magic:  5/5        EV: 12    Int:  8    God:
Gold:   79         SH:  0    Dex: 13    Spells: 5/5 levels left

rFire    . . .     SeeInvis .   a - +0 spear
rCold    . . .     Gourm    .   (no shield)
rNeg     . . .     Faith    .   f - +0 ring mail
rPois    .         Spirit   .   (helmet restricted)
rElec    .         Reflect  .   (no cloak)
rCorr    .         Harm     .   (no gloves)
MR       +....                  l - +0 pair of boots (curse)
Stlth    +.........             (no amulet)
HPRegen  0.20/turn              i - ring of protection from magic
MPRegen  0.09/turn              (no ring)

@: no status effects
A: retaliatory headbutt, horns 2
a: no special abilities


You were on level 3 of the Dungeon.
You were hungry.

You visited 1 branch of the dungeon, and saw 3 of its levels.

You collected 79 gold pieces.

Inventory:

Hand Weapons
 a - a +0 spear (weapon)
Missiles
 d - 82 stones (quivered)
Armour
 b - a +0 robe
 f - a +0 ring mail (worn)
 l - a cursed +0 pair of boots (worn)
Jewellery
 i - a ring of protection from magic (left hand)
 p - a +2 amulet of reflection {unknown}
Wands
 o - a wand of digging (6)
Scrolls
 e - 3 scrolls of identify {unknown}
 j - 3 scrolls of remove curse {unknown}
 m - a scroll of enchant armour {unknown}
Potions
 g - 2 potions of lignification {unknown}
 h - a potion of might {unknown}
 n - 2 potions of agility {unknown}
Comestibles
 c - 5 rations
 k - 2 chunks of flesh


   Skills:
 + Level 8.5 Fighting
 - Level 3.6 Polearms
 - Level 3.2 Dodging
 - Level 1.5 Stealth


You had 5 spell levels left.
You didn't know any spells.

Dungeon Overview and Level Annotations

Branches:
Dungeon (3/15)

Altars:


Innate Abilities, Weirdness & Mutations

You reflexively headbutt those who attack you in melee.
You have a pair of horns on your head.


Message History

You are too injured to fight recklessly!
Unknown command.
The orc hits you with a dagger.
The orc priest invokes the aid of Beogh against you.
Beogh smites you!
* * * LOW HITPOINT WARNING * * *
Items here: $ )) ? a dagger of protection; a mace; a scroll labeled ASOMAT KOAGHU; 14 gold pieces You closely miss the orc priest.
The orc hits you but does no damage.
Unknown command.
You hit the orc priest but do no damage.
Your headbutt misses the orc priest. The orc priest completely misses you.
You furiously retaliate!
You headbutt the orc priest. The orc hits you with a dagger.
* * * LOW HITPOINT WARNING * * *
You hit the orc priest. Your headbutt misses the orc priest.
The orc priest is heavily wounded.
The orc priest invokes the aid of Beogh against you.
Beogh smites you!
You die...

#.#.#####.#.......# #.#
#.#)# ##.#>......# #.#
##.#.####...)......# #.#
.#................# #.#
#.#.##.......(....# #..
##.#.##............#
........#..........###..
##.........#.###.o......
###.##.####.# #@.......
####.#...# #.# #o#######
...)...#.# #.# #.#
###.##...# #.# #.#
#.###### #.# #.# #.# #.#
#.# #.# #.# #.# #.# #.#
#.. #.## #.#


You could see an orc priest and an orc.

Vanquished Creatures
  Sigmund (D:2)
  An orc wizard (D:3)
  Jessica (D:2)
  3 adders
  3 dart slugs
  6 orcs
  2 giant cockroaches (D:2)
  10 goblins
  5 hobgoblins
  13 kobolds
  A quokka (D:2)
  2 ball pythons
  8 bats
  7 frilled lizards
  4 rats
67 creatures vanquished.

Notes
Turn   | Place    | Note
-------+----------+-------------------------------------------
     0 | D:1      | Norrik the Minotaur Monk began the quest for the Orb.
     0 | D:1      | Reached XP level 1. HP: 19/19 MP: 0/0
    48 | D:1      | Reached skill level 4 in Fighting
    57 | D:1      | Reached XP level 2. HP: 10/28 MP: 1/1
   538 | D:1      | Reached skill level 5 in Fighting
   586 | D:1      | Reached XP level 3. HP: 31/36 MP: 2/2
   899 | D:2      | Noticed Jessica
   905 | D:2      | Killed Jessica
   930 | D:2      | Reached skill level 6 in Fighting
   930 | D:2      | Reached XP level 4. HP: 36/44 MP: 3/3
  1183 | D:2      | Noticed Sigmund
  1347 | D:2      | Killed Sigmund
  1347 | D:2      | Reached skill level 8 in Fighting
  1347 | D:2      | Reached XP level 5. HP: 36/53 MP: 4/4
  2057 | D:3      | Reached XP level 6. HP: 58/61 MP: 5/5
  2298 | D:3      | Killed from afar by an orc priest

Skill      XL: |  1  2  3  4 |
---------------+-------------+-----
Fighting       | 4 5 6 8 |  8.5
Polearms       | |  3.6
Dodging        | |  3.2
Stealth        | |  1.5

Action                   |  1- 3 |  4- 6 || total
-------------------------+-------+-------++-------
Melee: Spear             |    92 |   102 ||   194
       Headbutt          |    10 |    15 ||    25
Throw: Stone             |    10 |       ||    10
 Stab: Distracted        |     1 |       ||     1
       Sleeping          |     1 |       ||     1
  Eat: Chunk             |       |     4 ||     4
Armor: Robe              |    16 |       ||    16
       Ring mail         |       |    22 ||    22
Dodge: Dodged            |    44 |    47 ||    91
